 Dungeon Crawl Stone Soup version 0.30.0-5-g1a98f26d00 (webtiles) character file.

Game seed: 6936857017601303795

140 fozzywoppz the Covered (level 5, 0/33 HPs)
             Began as a Gargoyle Fighter on May 11, 2023.
             Slain by a goblin
             ... wielding a +0 dagger
             ... led by Robin
              (4 damage)
             ... on level 2 of the Dungeon.
             The game lasted 00:04:11 (1269 turns).

fozzywoppz the Covered (Gargoyle Fighter)           Turns: 1269, Time: 00:04:12

Health: 0/33       AC: 19    Str: 20    XL:     5   Next: 22%
Magic:  5/5        EV:  5    Int:  8    God:
Gold:   95         SH:  4    Dex: 11    Spells: 4/4 levels left

rFire   . . .        a - +1 flail
rCold   . . .        c - +0 buckler
rNeg    + . .        k - +0 plate armour
rPois   ∞            (no helmet)
rElec   +            e - +2 cloak {Stlth+}
rCorr   .            (no gloves)
SInv    +            (no boots)
Will    .....        (no amulet) Stlth
                     h - ring of see invisible
HPRegen 0.25/turn    (no ring)
MPRegen 0.09/turn

%: no passive effects
@: no status effects
A: sickness immunity, AC +4, negative energy resistance 1, electricity
resistance, torment resistance 1, petrification resistance
a: no special abilities


You were on level 2 of the Dungeon.
You visited 1 branch of the dungeon, and saw 2 of its levels.

You collected 95 gold pieces.

Inventory:

Hand Weapons
 a - a +1 flail (weapon)
Armour
 c - a +0 buckler (worn)
 e - a +2 cloak of stealth (worn)
 k - a +0 plate armour (worn)
Jewellery
 h - a ring of see invisible (left hand)
Scrolls
 d - a scroll of poison {unknown}
Potions
 b - 2 potions of mutation


   Skills:
 + Level 4.2 Fighting
 + Level 3.1 Maces & Flails
 + Level 4.2 Armour
 + Level 4.1 Shields


You had 4 spell levels left.
You didn't know any spells.
Your spell library was empty.

Dungeon Overview and Level Annotations

Branches:
Dungeon (2/15)

Altars:

Annotations:
D:2 Robin


Innate Abilities, Weirdness & Mutations

You are immune to sickness and miasma.
Your stone body is resilient. (AC +4)
You are immune to poison.
You resist negative energy. (rN+)
You are resistant to electric shocks. (rElec)
You are resistant to unholy torment.
You are immune to petrification.


Message History

You hit the goblin.
You kill the goblin!
You closely miss the goblin. The goblin barely misses you.
The goblin hits you but does no damage.
You sock the goblin!
You kill the goblin!
Robin shouts!
You sock the goblin!
You kill the goblin!
You hear a shout!
You hit the orc priest.
The orc priest is severely wounded.
The orc priest hits you but does no damage.
Robin roars a battlecry!
You hit the orc priest.
The orc priest is almost dead.
The orc priest hits you but does no damage.
Robin throws the goblin at you! You block the goblin's attack.
The orc priest hits you but does no damage.
You closely miss the orc priest.
The orc priest is almost dead.
The goblin hits you but does no damage.
The orc priest hits you with a +0 flail.
The goblin hits you with a +0 dagger.
You sock the orc priest!
You kill the orc priest!
The goblin hits you with a +0 dagger.
* * * LOW HITPOINT WARNING * * *
You hit Robin but do no damage. Robin hits you with a +0 short sword.
* * * LOW HITPOINT WARNING * * *
You block the goblin's attack.
Unknown command.
You hit Robin.
Robin is moderately wounded.
Robin hits you but does no damage. The goblin hits you but does no damage.
Robin hits you but does no damage.
You hit Robin but do no damage.
Robin is moderately wounded.
The goblin hits you with a +0 dagger.
You die...

#.# *,,,,,,,,* * #.#
*,,,,,,,,*** *.#* *,,,,,,,,,,,
*,,****,,,,,,,,***
**,,,**,,,,,,,,+,,
***,,*,,,,,,,,*** ##
**,*###,,,,,,,, .###
#########.....,,****** ...#
####...g@go......,,* ##.##
###....#####o......,,*
#..###...##'#,,,*'##...#,,******
##.....###.)#,,,*.o**#..,>,,,,,,
####.##,#†.#,,,*..#,**.,,,,,,,,
#.+,,#..#,,,*..#,,',,,,,,,,,
#.#*,#..#,,,*..#,**,,,,,,,,,
#..**#..#,,,*..#**,,,,,,,,,,
##.,,####,,,****,,,*,*******


You could see Robin, 2 orcs and a goblin (strong).

Vanquished Creatures
  An orc priest (D:2)
  2 adders (D:2)
  4 gnolls (D:2)
  4 bats
  4 endoplasms
  4 giant cockroaches
  10 goblins
  3 hobgoblins
  9 jackals
  3 quokkas (D:1)
  5 ball pythons
  2 frilled lizards (D:1)
  12 kobolds
  9 rats
72 creatures vanquished.

Vanquished Creatures (others)
  A hobgoblin (D:2)
  2 goblins (D:2)
3 creatures vanquished.

Grand Total: 75 creatures vanquished

Notes
Turn   | Place    | Note
-------+----------+-------------------------------------------
     0 | D:1      | fozzywoppz the Gargoyle Fighter began the quest for the
                  | Orb.
     0 | D:1      | Reached XP level 1. HP: 14/14 MP: 1/1
    35 | D:1      | Reached XP level 2. HP: 19/19 MP: 2/2
   213 | D:1      | Reached XP level 3. HP: 23/23 MP: 3/3
   563 | D:2      | Reached XP level 4. HP: 28/29 MP: 4/4
  1100 | D:2      | Noticed Robin
  1115 | D:2      | Reached XP level 5. HP: 9/33 MP: 5/5
  1269 | D:2      | Slain by a goblin

Illustrated notes

Levels and vault maps discovered:
D:1:      scummos_arrival_simple_fountains, layout_rooms
D:2:      layout_basic, minmay_divided_ellipse, uniq_robin

Skill      XL: |  1  2  3  4 |
---------------+-------------+-----
Armour         | 4 |  4.2
Fighting       | 4 |  4.2
Shields        | 4 |  4.1
Maces & Flails | 3 |  3.1

Action                     |  1- 3 |  4- 6 || total
---------------------------+-------+-------++-------
  Melee: Flail             |   128 |    91 ||   219
    Use: Scroll            |       |     4 ||     4
         Potion            |       |     4 ||     4
   Stab: Invisible         |       |     2 ||     2
 Armour: Scale mail        |    63 |       ||    63
         Plate armour      |    34 |   110 ||   144
  Dodge: Dodged            |    62 |    33 ||    95
  Block: Buckler           |    37 |    29 ||    66
